 Dungeon Crawl Stone Soup version 0.29-a0-676-ga64570c9d2 (webtiles) character file.

Game seed: 1939877315054251926

781 runemasterragnar the Chopper (level 8, -1/70 HPs)
             Began as a Meteoran Cinder Acolyte on June 24, 2022.
             Was a Priest of Ignis.
             Slain by an ogre
             ... wielding a +0 giant club
              (6 damage)
             ... on level 6 of the Dungeon.
             The game lasted 00:06:55 (1420 turns).

runemasterragnar the Chopper (MeCA)                 Turns: 1420, Time: 00:06:56

Health: -1/70      AC: 10    Str: 17 (18) XL:     8   Next: 32%
Magic:  11/11      EV: 11    Int: 16      God:    Ignis [***...]
Gold:   173        SH:  0    Dex:  8 (9)  Spells: 9/9 levels left

rFire   + . .      SeeInvis .   a - -1 hand axe (flame)
rCold   . . .      Faith    .   (no shield)
rNeg    . . .      Spirit   .   n - +0 ring mail
rPois   .          Reflect  .   f - +1 helmet
rElec   .          Harm     .   (no cloak)
rCorr   .          Rampage  .   (no gloves)
Will    +....                   e - +2 pair of boots
Stlth   ..........              (no amulet)
HPRegen 0.21/turn               (no ring)
MPRegen 0.12/turn               (no ring)

@: glowing
A: sense surroundings 1, otherworldly, glowing, explore regen
a: Renounce Religion, Fiery Armour, Foxfire Swarm, Rising Flame


You were on level 6 of the Dungeon.
You worshipped Ignis.
Ignis was most pleased with you.
You visited 1 branch of the dungeon, and saw 6 of its levels.
You also visited: Sewer and Ossuary.

You collected 173 gold pieces.

Inventory:

Hand Weapons
 a - a -1 hand axe of flaming (weapon)
Armour
 b - a +0 robe
 e - a +2 pair of boots (worn)
 f - a +1 helmet (worn)
 k - a +0 leather armour
 n - a +0 ring mail (worn)
Wands
 d - a wand of mindburst (14)
Scrolls
 m - 4 scrolls of teleportation
 o - 2 scrolls of identify
Potions
 c - 2 potions of invisibility
 g - a potion of resistance {unknown}
 h - 2 potions of mutation {unknown}
 i - a potion of curing {unknown}
 j - 2 potions of haste
 l - a potion of heal wounds
 p - a potion of attraction {unknown}


   Skills:
 + Level 5.7 Fighting
 + Level 6.4 Axes
 + Level 2.3 Armour
 + Level 4.9 Dodging
 - Level 1.3 Spellcasting
 - Level 3.6 Fire Magic
 + Level 3.2 Evocations


You had 9 spell levels left.
You didn't know any spells.
Your spell library contained the following spells:

 Spells                   Type           Power      Damage    Failure   Level
 Scorch                   Fire           24%        2d6       14%         2
 Gell's Gravitas          Tloc           1%         N/A       75%         3
 Lesser Beckoning         Tloc           1%         N/A       75%         3
 Summon Guardian Golem    Hex/Summ       1%         N/A       75%         3
 Teleport Other           Tloc           1%         N/A       75%         3
 Orb of Destruction       Conj           0%         9d5       100%        7
 Spellforged Servitor     Conj/Summ      0%         N/A       100%        7


Dungeon Overview and Level Annotations

Branches:
Dungeon (6/15) Zot: 2613   Temple (0/1) D:5           Sewer (visited)
Ossuary (visited)

Altars:
Makhleb


Innate Abilities, Weirdness & Mutations

You passively map a small area around you.
You are easily found by Zot.
You glow in the dark.
You regain HP and MP as you explore.


Message History

You closely miss the hound.
The hound is heavily wounded.
The hound barely misses you. The hound bites you but does no damage.
You barely miss the hound.
The hound is heavily wounded.
The hound bites you but does no damage.
You miss the hound.
The hound is heavily wounded.
The hound completely misses you.
You hit the hound. You burn the hound.
The hound is almost dead.
The hound bites you but does no damage. The hound bites you.
You hit the ogre but do no damage. You completely miss the hound.
The ogre hits you with a +0 giant club! The hound bites you but does no damage.
You hit the ogre. You burn the ogre.
The ogre is lightly wounded.
You closely miss the hound. The hound bites you but does no damage.
The ogre hits you with a +0 giant club!!
The hound barely misses you.
You closely miss the ogre.
The ogre is lightly wounded.
You barely miss the hound. The hound bites you but does no damage.
You barely miss the ogre.
The ogre is lightly wounded.
You hit the hound. You burn the hound.
You kill the hound!
The ogre hits you with a +0 giant club!
* * * LOW HITPOINT WARNING * * *
You hit the ogre. You burn the ogre.
The ogre is heavily wounded.
The ogre closely misses you.
You hit the ogre. You burn the ogre.
The ogre is heavily wounded.
Activating: Foxfire Swarm
Press: ? - help, Dir - look around, f - activate Flames leap up around you!
The ogre hits you with a +0 giant club.
* * * LOW HITPOINT WARNING * * *
Your foxfire dissipates!
The ogre attacks as you move away! The ogre hits you with a +0 giant club.
You die...

, , , *
#..... ,,
* #.....
#..... ,
#..... ,,
, ,
.....###,,


#.vvvv# * , #.vOvv#, , #.vv@v+ , #.vvv.# , , * #.vvvv# , ....###### , ... * , ,,
.. ,*, , , , . , , , , , * + + , * + , You could see an ogre (ally target).

Vanquished Creatures
  An ogre (D:3)
  A kobold brigand (Sewer)
  3 elf zombies (Ossuary)
  A centaur zombie (Ossuary)
  3 hounds
  An orc priest (D:3)
  A human zombie (Ossuary)
  An iguana (D:4)
  An orc wizard (D:3)
  2 hound zombies (Ossuary)
  3 mummies (Ossuary)
  3 gnolls (D:5)
  3 adders
  A white imp (D:5)
  3 adder zombies (Ossuary)
  A dart slug (D:3)
  5 orcs
  2 ball pythons
  A bat (Sewer)
  5 endoplasms
  2 goblins
  2 hobgoblins
  5 kobolds
  A frilled lizard (Sewer)
  2 gnoll zombies (Ossuary)
  2 goblin zombies (Ossuary)
  A hobgoblin zombie (Ossuary)
  2 jackal zombies (Ossuary)
  4 kobold zombies (Ossuary)
  2 orc zombies (Ossuary)
  3 quokka zombies (Ossuary)
  4 rats
  3 rat zombies (Ossuary)
75 creatures vanquished.

Vanquished Creatures (others)
  35 foxfires (D:3)
35 creatures vanquished.

Grand Total: 110 creatures vanquished

Notes
Turn   | Place    | Note
-------+----------+-------------------------------------------
     0 | D:1      | runemasterragnar the Meteoran Cinder Acolyte began the
                  | quest for the Orb.
     0 | D:1      | Reached XP level 1. HP: 19/19 MP: 3/3
    59 | D:1      | Reached XP level 2. HP: 14/26 MP: 5/5
    69 | D:1      | Found a faded altar of an unknown god.
   316 | D:2      | Reached skill level 4 in Axes
   316 | D:2      | Reached skill level 1 in Dodging
   332 | D:3      | Reached XP level 3. HP: 18/33 MP: 6/6
   333 | D:3      | Reached XP level 4. HP: 22/40 MP: 7/7
   351 | D:3      | Noticed an ogre
   370 | D:3      | Killed an ogre
   371 | D:3      | Reached skill level 5 in Axes
   371 | D:3      | Reached XP level 5. HP: 47/47 MP: 8/8
   371 | D:3      | Reached XP level 6. HP: 53/53 MP: 9/9
   620 | D:5      | Entered Level 5 of the Dungeon
   624 | D:5      | Found a burning altar of Makhleb.
   657 | D:5      | Found a staircase to the Ecumenical Temple.
   743 | D:5      | Reached skill level 5 in Fighting
   743 | D:5      | Reached skill level 1 in Evocations
   773 | D:5      | Found a glowing drain.
   782 | Sewer    | Entered a sewer
   808 | Sewer    | Reached XP level 7. HP: 61/61 MP: 10/10
   838 | Sewer    | HP: 2/61 [kobold brigand/+0 short sword (6)]
   985 | D:5      | Noticed a moth of wrath
  1020 | D:5      | Found a sand-covered staircase.
  1026 | Ossuary  | Entered an ossuary
  1102 | Ossuary  | Reached skill level 6 in Axes
  1102 | Ossuary  | Reached skill level 1 in Armour
  1260 | Ossuary  | Reached XP level 8. HP: 40/69 MP: 11/11
  1420 | D:6      | Slain by an ogre

Illustrated notes

Levels and vault maps discovered:
D:1:      dpeg_arrival_pond, layout_loops_ring,
          hellmonk_ecumenical_altar_leap_of_faith, serial_bayou_ford_a
D:2:      layout_loops_ring, basic_altar, kennysheep_small_spiral,
          nrook_mini_vaults, uniq_jessica, uniq_robin
D:3:      layout_basic
D:4:      layout_loops_ring, doesnt_xom_only_xom, uniq_ijyb
D:5:      layout_basic, tgw_trog, amcnicky_altar_gilded,
          minmay_temple_entry_large_hall, nicolae_ossuary_entry_plus,
          cheibrodos_sewer_entry_drain, mrwooster_statue_mirror
D:6:      layout_gridville, nicolae_ashenzari_skybound

Skill      XL: |  1  2  3  4  5  6  7  8 |
---------------+-------------------------+-----
Axes           | 4 5 6 |  6.4
Dodging        | 1 3 4 |  4.9
Fighting       | 4 5 |  5.7
Evocations     | 1 2 3 |  3.2
Armour         | 1 2 |  2.3
Spellcasting   | |  1.3
Fire Magic     | |  3.6

Action                   |  1- 3 |  4- 6 |  7- 9 || total
-------------------------+-------+-------+-------++-------
Melee: Hand axe          |    38 |    82 |   223 ||   343
       Punch             |     1 |       |     3 ||     4
Invok: Foxfire Swarm     |     1 |     1 |     1 ||     3
       Fiery Armour      |       |       |     1 ||     1
  Use: Scroll            |       |     2 |     2 ||     4
       Potion            |       |       |     2 ||     2
Armor: Robe              |     2 |    27 |     6 ||    35
       Ring mail         |       |       |    79 ||    79
Dodge: Dodged            |    12 |    46 |    87 ||   145

Table legend: (Time is in decaauts)
 A = Elapsed time spent in this place.
 B = Non-inter-level travel time spent in this place.
 C = Inter-level travel time spent in this place.
 D = Time resting spent in this place.
 E = Time spent auto-exploring this place.
 F = Levels seen in this place.
 G = Mean time per level.
                   A        B        C        D        E       F      G
               +--------+--------+--------+--------+--------+-----+--------+
         Total |   1437 |   1422 |     15 |     96 |    302 |   8 |  179.6 |
       Dungeon |    986 |    971 |     15 |     96 |    286 |   6 |  164.3 |
         Sewer |    147 |    147 |      0 |      0 |     16 |   1 |  147.0 |
       Ossuary |    303 |    303 |      0 |      0 |      0 |   1 |  303.0 |
               +--------+--------+--------+--------+--------+-----+--------+

Top non-repeatable levels by time:
     D:5: 342 daAuts
 Ossuary: 303 daAuts
     D:4: 185 daAuts
     D:2: 165 daAuts
     D:1: 159 daAuts
   Sewer: 147 daAuts
     D:3: 114 daAuts
     D:6: 18 daAuts
